 Dungeon Crawl Stone Soup version 0.31-a0-365-gcf821cafb2 (webtiles) character file.

Game seed: 1660770139250869575

40329 cforsyth the Prestidigitator (level 14, 0/97 HPs)
             Began as a Gnoll Artificer on July 28, 2023.
             Was an Elder of Hepliaklqana.
             Slain by a sixfirhy (11 damage)
             ... in a Gauntlet.
             The game lasted 00:39:44 (18875 turns).

cforsyth the Prestidigitator (Gnoll Artificer)     Turns: 18875, Time: 00:39:44

Health: 0/97       AC: 26    Str: 14    XL:     14   Next: 10%
Magic:  27/27      EV:  7    Int: 16    God:    Hepliaklqana [****..]
Gold:   1160       SH:  9    Dex: 17    Spells: 31/31 levels left

rFire   + . .        H - +2 flail (protect)
rCold   + . .        D - +2 buckler {AC+3}
rNeg    . . .        L - +1 plate armour "Senawilo" {rC+ Regen+ Dex+4}
rPois   .            (no helmet)
rElec   .            C - +1 cloak
rCorr   .            R - +1 pair of gloves {Str+3}
SInv    .            A - +1 pair of boots
Will    ++...        a - amulet of the acrobat Stlth
                     Z - ring of protection from fire
HPRegen 1.16/turn    k - ring of willpower
MPRegen 0.20/turn

%: no teleportation, acrobat
@: no status effects
A: reduced essence, fangs 1, strong nose, distributed training
a: Renounce Religion, Recall Ancestor, Ancestor Identity, Transference, Idealise


You were in a Gauntlet.
You worshipped Hepliaklqana.
Hepliaklqana was greatly pleased with you.
You visited 3 branches of the dungeon, and saw 17 of its levels.
You also visited: Sewer, Gauntlet and Volcano.

You collected 1396 gold pieces.
You spent 236 gold pieces at shops.

Inventory:

Hand Weapons
 b - a +5 flail
 m - a +2 war axe of freezing
 H - a +2 flail of protection (weapon)
Armour
 A - a +1 pair of boots (worn)
 C - a +1 cloak (worn)
 D - a +2 buckler of protection (worn)
 L - the +1 plate armour "Senawilo" (worn) {rC+ Regen+ Dex+4}
   (You found it on level 7 of the Dungeon)

   Dex:       It affects your dexterity (+4).
   rC:        It protects you from cold.
   Regen:     It increases your rate of health regeneration.
 O - a +3 leather armour of poison resistance
 R - a +1 pair of gloves of strength (worn)
 Y - a +3 chain mail of fire resistance
Jewellery
 a - an amulet of the acrobat (around neck)
 j - a +6 ring of intelligence
 k - a ring of willpower (right hand)
 o - a ring of resist corrosion
 y - a +6 ring of intelligence
 G - a +6 ring of intelligence
 N - a ring of positive energy
 Z - a ring of protection from fire (left hand)
Wands
 c - a wand of acid (2) (quivered)
 d - a wand of flame (28)
 h - a wand of paralysis (7)
 E - a wand of iceblast (6)
 T - a wand of polymorph (11)
 V - a wand of mindburst (5)
Scrolls
 e - 6 scrolls of enchant armour
 f - 3 scrolls of vulnerability
 i - 6 scrolls of teleportation
 q - a scroll of amnesia
 r - 2 scrolls of immolation
 t - 2 scrolls of brand weapon
 v - 2 scrolls of fear
 z - a scroll of revelation
 K - 2 scrolls of identify
 M - 2 scrolls of poison
 P - 4 scrolls of blinking
 Q - 2 scrolls of enchant weapon
 U - a scroll of fog
Potions
 g - 3 potions of curing
 l - 3 potions of attraction
 n - 2 potions of invisibility
 p - 4 potions of haste
 u - 3 potions of resistance
 w - 4 potions of lignification
 x - 5 potions of berserk rage
 B - 6 potions of mutation
 F - 5 potions of enlightenment
 I - 6 potions of might
 S - 13 potions of ambrosia
 W - a potion of brilliance
 X - a potion of magic
Miscellaneous
 J - a phantom mirror


   Skills:
 + Level 9.5 Fighting
 + Level 9.1 Short Blades
 + Level 9.1 Long Blades
 + Level 9.1 Axes
 + Level 9.1 Maces & Flails
 + Level 9.1 Polearms
 + Level 9.1 Staves
 + Level 9.1 Ranged Weapons
 + Level 9.1 Throwing
 + Level 10.2 Armour
 + Level 9.5 Dodging
 + Level 9.4 Stealth
 + Level 9.1 Shields
 + Level 9.1 Unarmed Combat
 + Level 9.1 Spellcasting
 + Level 7.5 Conjurations
 + Level 7.5 Hexes
 + Level 7.5 Summonings
 + Level 7.5 Necromancy
 + Level 7.5 Translocations
 + Level 7.5 Transmutations
 + Level 7.5 Fire Magic
 + Level 7.5 Ice Magic
 + Level 7.5 Air Magic
 + Level 7.5 Earth Magic
 + Level 7.5 Poison Magic
 + Level 9.9 Invocations
 + Level 11.2 Evocations
 + Level 7.5 Shapeshifting


You had 31 spell levels left.
You didn't know any spells.
Your spell library contained the following spells:

 Spells                   Type           Power      Damage    Failure   Level
 Freeze                   Ice            100%       1d10      26%         1
 Sting                    Tmut/Pois      100%       1d8       26%         1
 Poisonous Vapours        Pois/Air       62%        N/A       36%         2
 Sublimation of Blood     Necr           31%        N/A       36%         2
 Wereblood                Tmut           31%        N/A       36%         2
 Frozen Ramparts          Ice            62%        1d10      58%         3
 Hailstorm                Conj/Ice       31%        3d8       58%         3
 Mephitic Cloud           Conj/Pois/Air  31%        N/A       58%         3
 Stone Arrow              Conj/Erth      62%        3d10      58%         3
 Animate Dead             Necr           31%        N/A       94%         4
 Olgreb's Toxic Radiance  Pois           31%        N/A       94%         4
 Borgnjor's Vile Clutch   Necr/Erth      15%        N/A       100%        5
 Freezing Cloud           Conj/Ice/Air   15%        6-21      100%        5
 Death Channel            Necr           15%        N/A       100%        6
 Summon Hydra             Summ           15%        N/A       100%        7


Dungeon Overview and Level Annotations

Branches:
Dungeon (12/15)            Temple (1/1) D:7            Lair (4/5) D:9
  Swamp (0/4) Lair:3       Spider (0/4) Lair:2        Slime (0/5) Lair:4
    Orc (0/2) D:12          Sewer (visited)         Volcano (visited)
Gauntlet (1/1)

Altars:
Ashenzari
Cheibriados
Dithmenos
Elyvilon
Fedhas
Gozag
Hepliaklqana
Kikubaaqudgha
Makhleb
Nemelex Xobeh
Okawaru
Qazlal
Ru
Sif Muna
Trog
Uskayaw
Vehumet
Wu Jian
Xom
Yredelemnul
Zin
The Shining One

Shops:
D:4 [

Portals:
Trove: D:10 (give +2 shadow dragon scales)

Annotations:
Lair:1 2 transporters, lunkers's ghost, journeyman MeSh
Lair:4 2 transporters, howech's ghost, journeyman MiBe Gauntlet 11 transporters


Innate Abilities, Weirdness & Mutations

Your life essence is reduced to manifest your ancestor. (-10% HP)
You have very sharp teeth.
Your uncanny sense of smell can sniff out nearby items.
Your experience applies equally to all skills.


Message History

The sixfirhy hits you but does no damage. x2
You barely miss the sixfirhy.
The sixfirhy is severely wounded.
The sixfirhy hits you but does no damage.
You block the sixfirhy's attack.
The sixfirhy hits you but does no damage. x4
The sixfirhy closely misses you.
The sixfirhy hits you but does no damage.
You closely miss the sixfirhy.
The sixfirhy is severely wounded.
The sixfirhy closely misses you. You block the sixfirhy's attack.
The sixfirhy barely misses you.
The sixfirhy hits you but does no damage.
You miss the sixfirhy.
The sixfirhy is severely wounded.
You miss the sixfirhy. Your bite misses the sixfirhy.
The sixfirhy is severely wounded.
The sixfirhy hits you. The sixfirhy shocks you!
You bludgeon the sixfirhy!!
Your weapon exudes an aura of protection.
You kill the sixfirhy!
The sixfirhy hits you. The sixfirhy shocks you!
* * * LOW HITPOINT WARNING * * *
You block the sixfirhy's attack.
You block the sixfirhy's attack. x2; The sixfirhy barely misses you.
The sixfirhy attacks as you move away! The sixfirhy hits you.
* * * LOW HITPOINT WARNING * * *
The sixfirhy shocks you!
* * * LOW HITPOINT WARNING * * *
The sixfirhy completely misses you.
The sixfirhy hits you but does no damage.
The sixfirhy closely misses you.
The sixfirhy hits you but does no damage.
The sixfirhy completely misses you.
You feel better.
The sixfirhy hits you but does no damage. x3
The sixfirhy hits you.
* * * LOW HITPOINT WARNING * * *
The sixfirhy shocks you!
You die...

...........≈∩≈............≈###
.....©.............©.......#8#
###########...###########..###
#.........#...#...3.....#..#
#.#.....#.#.∩.#.#.....#.#..###
#.##...##x#...#..#####..#..#8#
#.^##.##^.#...#..##.##..#..###
#....©....#...#.33.©....#..#
#.^#####^.#...#.@##.##..#..###
#.##...##.#...#..#####..#..#8#
#.#^...^#.#...#.#.....#.#..###
#..!.©....#...#..[?©[...#..#
###########§..###########..###
..........§§§....#.©.#.....#8#
..........§§8≈...#...#.8...###
..........§§≈....#.©.#.....#
###########...###########..###


You could see a worldbinder and 2 sixfirhies.

Vanquished Creatures
  2 hydras (Lair:3)
  A centaur warrior (D:10)
  A two-headed ogre (D:11)
  Erica (D:11)
  The ghost of mandoloar the Martial Artist, a novice OpSh of the Shining One (D:9)
  A fire crab (Volcano)
  A skyshark (Lair:3)
  2 sixfirhies (Gauntlet)
  A lindwurm (Volcano)
  A deep elf pyromancer (D:12)
  A black mamba (Lair:1)
  Joseph (D:8)
  2 kobold demonologists
  6 cane toads
  Psyche (D:8)
  A yaktaur (D:10)
  2 komodo dragons
  A polar bear (Lair:1)
  3 meliai (D:12)
  5 trolls
  Prince Ribbit (D:7)
  4 blink frogs (Lair:2)
  2 slime creatures
  2 shadows
  17 yaks
  7 wyverns
  6 fire bats (Volcano)
  4 basilisks
  A steam dragon (D:9)
  4 vampire mosquitoes (D:10)
  A swamp worm (Lair:3)
  2 acid dragons
  12 water moccasins
  A sky beast (D:7)
  A two-headed ogre zombie (D:12)
  Duvessa (D:7)
  A hell hound (Volcano)
  2 orc warriors (D:10)
  A black bear (D:4)
  An ice beast (D:7)
  7 centaurs
  A wolf (D:10)
  A boggart (D:10)
  2 phantoms
  5 kobold brigands
  3 bullfrogs
  3 scorpions (D:6)
  3 gnoll sergeants
  11 wights
  Dowan (D:7)
  22 killer bees
  An electric eel (D:6)
  2 howler monkeys
  2 jellies
  2 hounds
  3 gnoll boudas
  An orc priest (D:12)
  2 hell rats (Lair:3)
  9 orc wizards
  A sleepcap (D:7)
  4 iguanas
  An ogre zombie (D:12)
  17 gnolls
  17 adders
  8 river rats
  2 shadow imps
  3 white imps
  An ufetubus (D:5)
  5 worms
  3 dart slugs
  20 orcs
  10 endoplasms
  13 giant cockroaches
  4 goblins
  8 hobgoblins
  8 jackals
  33 kobolds
  9 quokkas
  10 ball pythons
  9 bats
  8 frilled lizards
  2 goblin skeletons (D:12)
  A hobgoblin skeleton (D:12)
  A hobgoblin zombie (D:12)
  An orc skeleton (D:12)
  4 orc zombies (D:12)
  8 rats
398 creatures vanquished.

Vanquished Creatures (collateral kills)
  A boulder beetle (D:12)
  2 two-headed ogres
  An ugly thing (D:12)
  6 elephants
  A black mamba (Lair:3)
  3 gargoyles
  3 komodo dragons
  A rime drake (Lair:4)
  A troll (D:12)
  A queen bee (D:12)
  A polar bear (Lair:4)
  A tyrant leech (Lair:3)
  3 blink frogs (Lair:2)
  4 slime creatures
  2 fire bats (Volcano)
  A wyvern (Lair:2)
  A shadow (D:12)
  8 yaks
  A basilisk (D:11)
  Grum (D:11)
  A swamp worm (Lair:3)
  15 water moccasins
  3 wolves (D:11)
  2 phantoms (D:12)
  A kobold brigand (D:10)
  3 bullfrogs
  A troll zombie (D:12)
  9 killer bees (D:12)
  An electric eel (Lair:2)
  6 lava snakes (Volcano)
  A hound (D:6)
  A jelly (D:6)
  3 orc wizards (D:12)
  4 hell rats
  4 ogre zombies (D:12)
  4 gnolls (D:6)
  6 adders (Lair:2)
  2 river rats (Lair:2)
  An orc (D:12)
  2 goblin skeletons (D:12)
  3 goblin zombies (D:12)
  A hobgoblin skeleton (D:12)
  A hobgoblin zombie (D:12)
  2 kobolds (D:10)
  9 orc zombies (D:12)
  3 rats (Lair:2)
132 creatures vanquished.

Vanquished Creatures (others)
  4 yaks (D:6)
  A water moccasin (D:6)
  An ogre (D:6)
  9 battlemagi
  2 ancestors (D:11)
  An orc wizard (D:6)
18 creatures vanquished.

Grand Total: 548 creatures vanquished

Notes
Turn   | Place    | Note
-------+----------+-------------------------------------------
     0 | D:1      | cforsyth the Gnoll Artificer began the quest for the Orb.
     0 | D:1      | Reached XP level 1. HP: 17/17 MP: 1/1
   426 | D:1      | Reached XP level 2. HP: 23/23 MP: 2/2
   896 | D:2      | Reached XP level 3. HP: 28/28 MP: 3/3
   948 | D:2      | Reached skill level 1 in Short Blades
   948 | D:2      | Reached skill level 1 in Long Blades
   948 | D:2      | Reached skill level 1 in Axes
   948 | D:2      | Reached skill level 1 in Maces & Flails
   948 | D:2      | Reached skill level 1 in Polearms
   948 | D:2      | Reached skill level 1 in Staves
   948 | D:2      | Reached skill level 1 in Ranged Weapons
   948 | D:2      | Reached skill level 1 in Throwing
   948 | D:2      | Reached skill level 1 in Shields
   948 | D:2      | Reached skill level 1 in Unarmed Combat
   948 | D:2      | Reached skill level 1 in Spellcasting
   948 | D:2      | Reached skill level 1 in Invocations
   948 | D:2      | Reached XP level 4. HP: 11/34 MP: 5/5
  1588 | D:2      | Reached skill level 1 in Conjurations
  1588 | D:2      | Reached skill level 1 in Hexes
  1588 | D:2      | Reached skill level 1 in Summonings
  1588 | D:2      | Reached skill level 1 in Necromancy
  1588 | D:2      | Reached skill level 1 in Translocations
  1588 | D:2      | Reached skill level 1 in Transmutations
  1588 | D:2      | Reached skill level 1 in Fire Magic
  1588 | D:2      | Reached skill level 1 in Ice Magic
  1588 | D:2      | Reached skill level 1 in Air Magic
  1588 | D:2      | Reached skill level 1 in Earth Magic
  1588 | D:2      | Reached skill level 1 in Poison Magic
  1588 | D:2      | Reached skill level 1 in Shapeshifting
  1887 | D:3      | You fall into a shaft and drop 3 floors!
  1914 | D:6      | Reached XP level 5. HP: 16/40 MP: 5/7
  1915 | D:6      | Noticed an ogre
  1948 | D:6      | Noticed a phantom
  1964 | D:6      | Reached XP level 6. HP: 13/47 MP: 8/8
  1973 | D:6      | Reached skill level 5 in Armour
  2071 | D:6      | Noticed a yak
  2072 | D:6      | Noticed a yak
  2073 | D:6      | Noticed a yak
  2073 | D:6      | Noticed a yak
  2075 | D:6      | Noticed a yak
  2082 | D:6      | Noticed a yak
  2088 | D:6      | Killed a yak
  2089 | D:6      | Reached skill level 7 in Evocations
  2089 | D:6      | Reached XP level 7. HP: 45/52 MP: 10/10
  2139 | D:6      | Killed a yak
  2140 | D:6      | Reached XP level 8. HP: 52/60 MP: 12/12
  2315 | D:6      | Found a glowing drain.
  2320 | Sewer    | Entered a sewer
  3206 | D:5      | Entered Level 5 of the Dungeon
  4226 | D:4      | Found Iffazenu's Armour Shop.
  4241 | D:4      | Bought a +2 buckler of protection for 236 gold pieces
  4669 | D:4      | Found a blossoming altar of Fedhas.
  5314 | D:5      | Reached XP level 9. HP: 46/66 MP: 14/14
  6966 | D:7      | Found a staircase to the Ecumenical Temple.
  7140 | D:7      | Noticed Duvessa
  7141 | D:7      | Noticed Prince Ribbit
  7141 | D:7      | Noticed Dowan
  7161 | D:7      | Killed Dowan
  7162 | D:7      | Reached skill level 5 in Fighting
  7162 | D:7      | Reached skill level 5 in Dodging
  7164 | D:7      | Killed Duvessa
  7164 | D:7      | Killed Prince Ribbit
  7165 | D:7      | Reached skill level 5 in Stealth
  7165 | D:7      | Reached skill level 8 in Evocations
  7456 | D:7      | Identified the +1 plate armour "Senawilo" {rC+ Regen+
                  | Dex+4}
  7862 | D:8      | Reached skill level 5 in Invocations
  8054 | D:8      | Noticed Psyche
  8070 | D:8      | Killed Psyche
  8278 | D:8      | Reached XP level 10. HP: 72/75 MP: 17/17
  8656 | D:8      | Reached skill level 5 in Short Blades
  8656 | D:8      | Reached skill level 5 in Long Blades
  8656 | D:8      | Reached skill level 5 in Axes
  8656 | D:8      | Reached skill level 5 in Maces & Flails
  8656 | D:8      | Reached skill level 5 in Polearms
  8656 | D:8      | Reached skill level 5 in Staves
  8656 | D:8      | Reached skill level 5 in Ranged Weapons
  8656 | D:8      | Reached skill level 5 in Throwing
  8656 | D:8      | Reached skill level 5 in Shields
  8656 | D:8      | Reached skill level 5 in Unarmed Combat
  8656 | D:8      | Reached skill level 5 in Spellcasting
  8789 | D:8      | Noticed Joseph
  8825 | D:8      | Killed Joseph
  9477 | D:9      | Found a staircase to the Lair.
  9489 | D:9      | Noticed mandoloar's ghost (novice OpSh)
  9491 | D:9      | Found a runed translucent door.
  9589 | D:9      | Found a shimmering blue altar of Sif Muna.
  9601 | D:9      | Found a burning altar of Makhleb.
 10152 | Temple   | Entered the Ecumenical Temple
 10159 | Temple   | Became a worshipper of Hepliaklqana the Forgotten
 10240 | D:10     | Entered Level 10 of the Dungeon
 10319 | D:10     | Reached XP level 11. HP: 65/83 MP: 19/19
 10321 | D:10     | Reached skill level 9 in Evocations
 10337 | D:10     | Reached skill level 5 in Conjurations
 10337 | D:10     | Reached skill level 5 in Hexes
 10337 | D:10     | Reached skill level 5 in Summonings
 10337 | D:10     | Reached skill level 5 in Necromancy
 10337 | D:10     | Reached skill level 5 in Translocations
 10337 | D:10     | Reached skill level 5 in Transmutations
 10337 | D:10     | Reached skill level 5 in Fire Magic
 10337 | D:10     | Reached skill level 5 in Ice Magic
 10337 | D:10     | Reached skill level 5 in Air Magic
 10337 | D:10     | Reached skill level 5 in Earth Magic
 10337 | D:10     | Reached skill level 5 in Poison Magic
 10337 | D:10     | Reached skill level 5 in Shapeshifting
 10360 | D:10     | Noticed a red ugly thing
 10739 | D:10     | Noticed a sixfirhy
 10797 | D:10     | Got Zimetu's Papyrus of Impulse
 10997 | D:10     | Found a portal to a secret trove of treasure.
 11352 | D:10     | Reached * piety under Hepliaklqana
 11427 | D:10     | Noticed a centaur warrior
 11438 | D:10     | Killed a centaur warrior
 11453 | D:10     | Found a glowing silver altar of Zin.
 12067 | D:11     | Noticed Grum
 12067 | D:11     | Noticed a two-headed ogre
 12798 | D:11     | Noticed a two-headed ogre
 12808 | D:11     | Killed a two-headed ogre
 12819 | D:11     | Reached ** piety under Hepliaklqana
 12820 | D:11     | Remembered your ancestor Ælfthryth as a battlemage
 12953 | D:11     | Noticed Erica
 12967 | D:11     | Killed Erica
 13040 | D:11     | Killed Grum
 13178 | D:12     | Reached XP level 12. HP: 79/81 MP: 22/22
 13992 | D:12     | Reached skill level 10 in Evocations
 14048 | D:12     | Found a staircase to the Orcish Mines.
 14357 | D:12     | Noticed a two-headed ogre
 14361 | D:12     | Noticed a boulder beetle
 14389 | D:12     | Killed a boulder beetle
 14401 | D:12     | Killed a two-headed ogre
 14515 | D:11     | Killed a two-headed ogre
 14582 | Lair:1   | Entered Level 1 of the Lair of Beasts
 14656 | Lair:1   | Found a transporter.
 14661 | Lair:1   | Noticed lunkers's ghost (journeyman MeSh)
 14844 | Lair:1   | Reached XP level 13. HP: 87/89 MP: 23/25
 14917 | Lair:1   | Found a transporter.
 15312 | D:9      | Killed mandoloar's ghost
 15446 | Lair:2   | Reached *** piety under Hepliaklqana
 15455 | Lair:2   | Found a dark tunnel.
 15460 | Volcano  | Entered a volcano
 15628 | Volcano  | Found a burning altar of Makhleb.
 16147 | Lair:2   | Found a hole to the Spider Nest.
 17232 | Lair:3   | Reached **** piety under Hepliaklqana
 17457 | Lair:3   | Found a bloodstained altar of Trog.
 18012 | Lair:3   | Reached skill level 10 in Armour
 18012 | Lair:3   | Reached skill level 11 in Evocations
 18181 | Lair:3   | Found a staircase to the Swamp.
 18298 | Lair:4   | Found a transporter.
 18298 | Lair:4   | Found a transporter.
 18300 | Lair:4   | Found a bloodstained altar of Trog.
 18300 | Lair:4   | Noticed howech's ghost (journeyman MiBe)
 18339 | Lair:3   | Reached XP level 14. HP: 35/97 MP: 24/27
 18450 | Lair:4   | Found a gate leading to a gauntlet.
 18459 | Gauntlet | Entered a Gauntlet
 18459 | Gauntlet | Found a transporter.
 18459 | Gauntlet | Found a transporter.
 18536 | Gauntlet | Found a transporter.
 18539 | Gauntlet | Found a transporter.
 18554 | Gauntlet | Found a transporter.
 18557 | Gauntlet | Found a transporter.
 18564 | Gauntlet | Found a transporter.
 18570 | Gauntlet | Found a transporter.
 18587 | Gauntlet | Found a transporter.
 18595 | Gauntlet | Found a transporter.
 18615 | Gauntlet | Found a transporter.
 18693 | Gauntlet | Found a transporter.
 18875 | Gauntlet | Slain by a sixfirhy

Illustrated notes

Levels and vault maps discovered:
D:1:      ebering_hopf_link, layout_basic, serial_forest,
          infiniplex_forest_clump_small, infiniplex_forest_end_3,
          infiniplex_forest_clump_curved, infiniplex_forest_corner_1,
          infiniplex_forest_clump_long, infiniplex_forest_fountain
D:2:      layout_basic
D:3:      layout_rooms, serial_curves, eino_curves_02, eino_curves_02,
          kennysheep_generic_room_3
D:4:      black_bear_nest_2, layout_rooms, fedhas_altar_fruit_tree,
          serial_shops, shop, chequers_big_river, serial_bayou_pond_b
D:5:      layout_basic, grunt_decor_arrowhead
D:6:      layout_cave_pods, lightli_sewer_entry_pipes, minivault_14
D:7:      cheibrodos_helix_gallery, layout_basic,
          minmay_temple_entry_antechambers, serial_curves, eino_curves_02,
          eino_curves_04, eino_curves_02, eino_curves_03, uniq_prince_ribbit1,
          uniq_duvessa
D:8:      layout_basic, uniq_psyche, uniq_joseph
D:9:      layout_roguey, amethyst_overflow_temple_binary,
          minmay_lair_entry_grove, hellmonk_ghost_happy_afterlife,
          serial_park_tiny_pond
D:10:     minmay_the_grid_four_pointed_star_mashed
          [minmay_the_grid_triangle_9x9_semitri,
          minmay_the_grid_triangle_9x9_stretched_checkered,
          minmay_the_grid_triangle_9x9_shrine,
          minmay_the_grid_triangle_9x9_alien, minmay_the_grid_prize_big_room],
          layout_irregular_city, zin_treasury, nicolae_trove_entry_crystal
D:11:     layout_stronghold, uniq_erica, uniq_grum
D:12:     layout_rooms, zombieorc2_lemuel, special_room [special_room_bee],
          minmay_fractal_squares_gapless_5
Temple:   nicolae_temple_no_exploring_needed
Lair:1:   layout_cave_shapes, gammafunk_ghost_berserking_beasts
Lair:2:   lemuel_reptile_caves, layout_long_grid, spider_nest_entry_web_field,
          enter_volcano_4, kennysheep_abandoned_house
Lair:3:   layout_cave_pods, palyth_hydra_swamp_entry, basic_altar,
          lemuel_old_faithful
Lair:4:   layout_loops_ring, nicolae_slime_entry_slimehenge,
          gammafunk_ghost_wrathful_warriors, gauntlet_entry_generic,
          chequers_serial_rivers_micro_a
Gauntlet: gammafunk_gauntlet_shortcut [nicolae_gauntlet_arena_blocks,
          gammafunk_gauntlet_arena_chambers, gammafunk_gauntlet_arena_split_x,
          nicolae_gauntlet_swirl, gammafunk_gauntlet_arena_hedges,
          gammafunk_gauntlet_arena_mazey,
          nicolae_gauntlet_exit_dead_adventurers]

Skill      XL: |  1  2  3  4  5  6  7  8  9 10 11 12 13 |
---------------+----------------------------------------+-----
Short Blades   | 1 2 3 4 5 6 8 9 |  9.1
Long Blades    | 1 2 3 4 5 6 8 9 |  9.1
Axes           | 1 2 3 4 5 6 8 9 |  9.1
Maces & Flails | 1 2 3 4 5 6 8 9 |  9.1
Polearms       | 1 2 3 4 5 6 8 9 |  9.1
Staves         | 1 2 3 4 5 6 8 9 |  9.1
Ranged Weapons | 1 2 3 4 5 6 8 9 |  9.1
Throwing       | 1 2 3 4 5 6 8 9 |  9.1
Shields        | 1 2 3 4 5 6 8 9 |  9.1
Unarmed Combat | 1 2 3 4 5 6 8 9 |  9.1
Spellcasting   | 1 2 3 4 5 6 8 9 |  9.1
Invocations    | 1 2 3 4 5 6 7 8 9 |  9.9
Conjurations   | 1 2 3 4 5 6 7 |  7.5
Hexes          | 1 2 3 4 5 6 7 |  7.5
Summonings     | 1 2 3 4 5 6 7 |  7.5
Necromancy     | 1 2 3 4 5 6 7 |  7.5
Translocations | 1 2 3 4 5 6 7 |  7.5
Transmutations | 1 2 3 4 5 6 7 |  7.5
Fire Magic     | 1 2 3 4 5 6 7 |  7.5
Ice Magic      | 1 2 3 4 5 6 7 |  7.5
Air Magic      | 1 2 3 4 5 6 7 |  7.5
Earth Magic    | 1 2 3 4 5 6 7 |  7.5
Poison Magic   | 1 2 3 4 5 6 7 |  7.5
Shapeshifting  | 1 2 3 4 5 6 7 |  7.5
Fighting       | 3 4 5 6 7 8 9 |  9.5
Dodging        | 3 4 5 6 7 8 9 |  9.5
Stealth        | 3 4 5 6 7 8 9 |  9.4
Armour         | 5 6 7 8 9 10 | 10.2
Evocations     | 7 8 9 10 11 | 11.2

Action                     |  1- 3 |  4- 6 |  7- 9 | 10-12 | 13-15 || total
---------------------------+-------+-------+-------+-------+-------++-------
  Melee: Club              |    81 |   100 |       |       |       ||   181
         Bite              |    12 |    15 |    78 |   192 |    56 ||   353
         Punch             |     2 |     2 |     4 |       |       ||     8
         Long sword        |       |    20 |     2 |       |       ||    22
         Mace              |       |       |   704 |       |       ||   704
         Flail             |       |       |    67 |  1241 |   443 ||  1751
 Invoke: Ancestor Life: Ba |       |       |       |     1 |       ||     1
         Recall Ancestor   |       |       |       |     1 |     1 ||     2
  Evoke: Wand              |     4 |    14 |    21 |    15 |     8 ||    62
    Use: Scroll            |       |     6 |     6 |    11 |     4 ||    27
         Potion            |       |     2 |       |     2 |     2 ||     6
   Stab: Sleeping          |       |     1 |     7 |       |       ||     8
         Paralysed         |       |       |       |    24 |     3 ||    27
         Distracted        |       |       |       |    13 |    12 ||    25
 Armour: Leather armour    |    24 |       |       |       |       ||    24
         Ring mail         |    13 |    57 |   349 |       |       ||   419
         Plate armour      |       |       |   144 |  1272 |   393 ||  1809
         Chain mail        |       |       |       |       |    19 ||    19
  Dodge: Dodged            |    75 |    80 |   401 |   423 |   223 ||  1202
  Block: Buckler           |       |       |   173 |   650 |   233 ||  1056

Table legend: (Time is in decaauts)
 A = Elapsed time spent in this place.
 B = Non-inter-level travel time spent in this place.
 C = Inter-level travel time spent in this place.
 D = Time resting spent in this place.
 E = Time spent auto-exploring this place.
 F = Levels seen in this place.
 G = Mean time per level.
                   A        B        C        D        E       F      G
               +--------+--------+--------+--------+--------+-----+--------+
         Total |  19418 |  18449 |    969 |   2002 |  10382 |  20 |  970.9 |
       Dungeon |  14415 |  13619 |    796 |   1466 |   7794 |  12 | 1201.2 |
        Temple |     14 |      7 |      7 |      0 |      0 |   1 |   14.0 |
          Lair |   3302 |   3136 |    166 |    294 |   1993 |   4 |  825.5 |
         Sewer |    732 |    732 |      0 |     86 |    301 |   1 |  732.0 |
       Volcano |    552 |    552 |      0 |    128 |    100 |   1 |  552.0 |
      Gauntlet |    401 |    401 |      0 |     28 |    193 |   1 |  401.0 |
               +--------+--------+--------+--------+--------+-----+--------+

Top non-repeatable levels by time:
    D:11: 1679 daAuts
    D:10: 1591 daAuts
     D:6: 1525 daAuts
     D:7: 1412 daAuts
     D:8: 1411 daAuts
  Lair:2: 1253 daAuts
  Lair:3: 1212 daAuts
     D:9: 1182 daAuts
     D:5: 1121 daAuts
     D:4: 1023 daAuts
    D:12: 973 daAuts
     D:1: 926 daAuts
     D:2: 876 daAuts
   Sewer: 732 daAuts
  Lair:1: 729 daAuts
